 Dungeon Crawl Stone Soup version 0.30-a0-458-g86641cc369 (webtiles) character file.

Game seed: 8782352017920842287

2770 bmack86 the Cleaver (level 9, -4/78 (79) HPs)
             Began as a Minotaur Fighter on Dec 14, 2022.
             Slain by a wight
             ... wielding a +2 halberd of freezing
              (13 damage)
             ... on level 7 of the Dungeon.
             The game lasted 00:16:00 (5403 turns).

bmack86 the Cleaver (Minotaur Fighter)              Turns: 5403, Time: 00:16:00

HP:   -4/78 (79)    AC: 10    Str: 26    XL:     9   Next: 42%
MP:   8/8           EV: 11    Int:  7    God:
Gold: 438           SH:  4    Dex:  9    Spells: 8/8 levels left

rFire   + . .      SeeInvis .    a - +3 war axe (flame)
rCold   + . .      Faith    .    c - +0 buckler
rNeg    + . .      Spirit   .    b - +0 scale mail
rPois   +          Reflect  .    (helmet restricted)
rElec   .          Harm     .    m - scarf {rC+ rF+}
rCorr   .          Rampage  .    A - +1 pair of gloves
Will    .....                    (no boots)
Stlth   +.........               (no amulet)
HPRegen 0.33/turn                f - ring of positive energy
MPRegen 0.11/turn                r - ring of Eternity {+Blink rPois Int+2 Stlth+}

@: mighty, lightly drained
A: horns 2, retaliatory headbutt
a: Evoke Blink


You were on level 7 of the Dungeon.
You visited 1 branch of the dungeon, and saw 7 of its levels.

You collected 438 gold pieces.

Inventory:

Hand Weapons
 a - a +3 war axe of flaming (weapon)
 l - the +6 dagger "Zyin" {vorpal, Dex+2}
   (You found it on level 2 of the Dungeon)

   It inflicts extra damage upon your enemies.
   Dex:       It affects your dexterity (+2).
Missiles
 s - a throwing net (quivered)
 y - 7 poisoned darts
Armour
 b - a +0 scale mail (worn)
 c - a +0 buckler (worn)
 m - a scarf of resistance (worn)
 A - a +1 pair of gloves (worn)
 D - a +0 pair of gloves
Jewellery
 f - a ring of positive energy (left hand)
 n - a ring of protection from fire
 r - the ring of Eternity (right hand) {+Blink rPois Int+2 Stlth+}
   (You acquired it on level 6 of the Dungeon)

   [ring of poison resistance]

   Int:       It affects your intelligence (+2).
   rPois:     It protects you from poison.
   +Blink:    It lets you blink.
   Stlth:     It makes you more stealthy.
Wands
 u - a wand of charming (4)
 v - a wand of flame (16)
Scrolls
 i - 2 scrolls of immolation
 o - a scroll of fog
 p - 4 scrolls of amnesia
 q - a scroll of vulnerability
 x - a scroll of torment
 B - a scroll of blinking {unknown}
 C - a scroll of summoning {unknown}
 E - a scroll of teleportation {unknown}
 F - a scroll of fear {unknown}
Potions
 d - a potion of might
 e - a potion of haste {unknown}
 g - 2 potions of curing {unknown}
 h - 2 potions of degeneration {unknown}
 j - a potion of magic {unknown}
 k - 2 potions of mutation {unknown}
 t - a potion of flight {unknown}
 w - a potion of attraction {unknown}


   Skills:
 + Level 7.4 Fighting
 + Level 10.0 Axes
 + Level 8.4 Armour
 + Level 4.8 Dodging
 + Level 1.0 Stealth
 + Level 5.3 Shields


You had 8 spell levels left.
You didn't know any spells.
Your spell library contained the following spells:

 Spells                   Type           Power      Damage    Failure   Level
 Foxfire                  Conj/Fire      0%         2x1d4     77%         1
 Dazzling Flash           Conj/Hex       0%         N/A       98%         3
 Agony                    Necr           0%         N/A       100%        5
 Fireball                 Conj/Fire      0%         3d3       100%        5
 Silence                  Hex/Air        0%         N/A       100%        5
 Starburst                Conj/Fire      0%         6d3       100%        6


Dungeon Overview and Level Annotations

Branches:
Dungeon (7/15)
 Temple: D:4-7

Altars:
Elyvilon
Kikubaaqudgha
Zin

Shops:
D:2 (


Innate Abilities, Weirdness & Mutations

You have a pair of horns on your head.
You reflexively headbutt those who attack you in melee.


Message History

The wight completely misses you. The wight barely misses you.
A wight comes into view.
It is wielding a +2 halberd of freezing.
The wight barely misses you. The wight hits you with a +4 dagger!
* * * LOW HITPOINT WARNING * * *
You partially resist.
You feel drained.
* * * LOW HITPOINT WARNING * * *
The wight barely misses you.
You slash the wight! You burn the wight. You headbutt the wight.
The wight is almost destroyed.
You slash the wight! You burn the wight.
You destroy the wight!
You hit the wight. You burn the wight.
The wight hits you with a +0 short sword.
* * * LOW HITPOINT WARNING * * *
You block the wight's attack.
Your life force feels restored.
You slice the wight!! You burn the wight.
You destroy the wight!
You hit the wight.
You destroy the wight!
The wight barely misses you.
A bullfrog comes into view.
Your Axes skill increases to level 10!
The bullfrog croaks.
The wight hits you from afar with a +2 halberd of freezing.
* * * LOW HITPOINT WARNING * * *
The wight freezes you.
* * * LOW HITPOINT WARNING * * *
You block the wight's attack.
You hit the wight but do no damage. You block the wight's attack.
The wight hits you but does no damage.
You completely miss the wight.
An orc comes into view. It is wielding a +0 hand axe.
The wight hits you from afar with a +2 halberd of freezing.
* * * LOW HITPOINT WARNING * * *
The wight closely misses you. The wight hits you with a +0 spear.
* * * LOW HITPOINT WARNING * * *
You partially resist.
You feel drained.
The wight hits you from afar with a +2 halberd of freezing!
You die...

#............
#......................
##.........###..........
.............#..........
.............#..........
.............#.....F....
....)))......#..........
......)......#.)..z.....
...######....#..@z......
...# #.....))..)..#..
...# #............# ...#
#............# ...#
###(.........# ...#
#..........# ...#
#..........# ...#
#..........# ...###
#...|.......


You could see a bullfrog and 2 wights.

Vanquished Creatures
  A hornet (D:7)
  Menkaure (D:4)
  Edmund (D:6)
  A water moccasin (D:6)
  3 black bears
  An ice beast (D:6)
  3 ogres
  A sky beast (D:7)
  3 phantoms
  3 scorpions
  8 wights (D:7)
  A gnoll bouda (D:6)
  3 hounds
  3 orc priests
  2 jellies
  4 iguanas
  Jessica (D:2)
  2 orc wizards (D:4)
  13 gnolls
  6 adders
  A white imp (D:6)
  3 worms
  A dart slug (D:4)
  13 orcs
  4 ball pythons (D:1)
  2 endoplasms
  3 giant cockroaches (D:1)
  8 goblins
  11 hobgoblins
  6 jackals (D:1)
  4 quokkas
  4 bats
  2 frilled lizards
  7 kobolds
  6 rats
136 creatures vanquished.

Notes
Turn   | Place    | Note
-------+----------+-------------------------------------------
     0 | D:1      | bmack86 the Minotaur Fighter began the quest for the Orb.
     0 | D:1      | Reached XP level 1. HP: 19/19 MP: 0/0
    65 | D:1      | Reached XP level 2. HP: 27/27 MP: 1/1
   187 | D:1      | Reached XP level 3. HP: 33/33 MP: 2/2
   988 | D:2      | Noticed Jessica
   992 | D:2      | Killed Jessica
   993 | D:2      | Reached skill level 3 in Axes
   993 | D:2      | Reached skill level 1 in Dodging
   993 | D:2      | Reached XP level 4. HP: 40/40 MP: 3/3
  1089 | D:2      | Found Ogaxymn's Antique Weapon Shoppe.
  1433 | D:2      | Identified the +6 dagger "Zyin" {vorpal, Dex+2}
  1669 | D:3      | Found an ancient bone altar of Kikubaaqudgha.
  1702 | D:3      | Reached XP level 5. HP: 13/47 MP: 4/4
  1871 | D:3      | Reached skill level 4 in Axes
  2365 | D:4      | Found a white marble altar of Elyvilon.
  2537 | D:4      | Reached skill level 5 in Armour
  2600 | D:4      | Reached XP level 6. HP: 38/53 MP: 5/5
  2629 | D:4      | Reached skill level 5 in Axes
  2844 | D:4      | Noticed Menkaure
  2851 | D:4      | Killed Menkaure
  2852 | D:4      | Reached skill level 5 in Fighting
  3130 | D:4      | Reached XP level 7. HP: 57/61 MP: 6/6
  3269 | D:4      | Reached skill level 6 in Axes
  3778 | D:5      | Entered Level 5 of the Dungeon
  3778 | D:5      | Found a glowing silver altar of Zin.
  3994 | D:5      | Reached skill level 7 in Axes
  3994 | D:5      | Reached XP level 8. HP: 44/70 MP: 7/7
  4412 | D:6      | Noticed Edmund
  4419 | D:6      | Killed Edmund
  4424 | D:6      | Reached skill level 8 in Axes
  5078 | D:6      | Reached skill level 9 in Axes
  5168 | D:6      | Reached skill level 5 in Shields
  5219 | D:6      | Reached XP level 9. HP: 78/78 MP: 8/8
  5265 | D:6      | Identified a scroll of acquirement
  5266 | D:6      | Acquired the ring of Eternity {+Blink rPois Int+2 Stlth+}
  5397 | D:7      | Reached skill level 1 in Stealth
  5401 | D:7      | Reached skill level 10 in Axes
  5403 | D:7      | Slain by a wight

Illustrated notes

Levels and vault maps discovered:
D:1:      matt_arrival_diagonals, layout_basic
D:2:      layout_loops_ring, serial_shops, nicolae_shop_crystal,
          kennysheep_generic_room_7, uniq_jessica
D:3:      minmay_chambers_of_twos, layout_basic, mainiacjoe_overflow_paths,
          chequers_mini_garden
D:4:      layout_basic, mainiacjoe_overflow_six_doors_small, uniq_menkaure
D:5:      layout_rooms, old_standard_altar, kennysheep_generic_room_12
D:6:      nicolae_cairo_tiling_large, layout_gridville, uniq_edmund
D:7:      layout_basic, lemuel_tele_altar, minmay_temple_entry_large_hall

Skill      XL: |  1  2  3  4  5  6  7  8  9 |
---------------+----------------------------+-----
Armour         | 4 5 6 7 8 |  8.4
Fighting       | 4 5 6 7 |  7.4
Shields        | 4 5 |  5.3
Axes           | 3 4 5 7 9 10 | 10.0
Dodging        | 1 2 3 4 |  4.8
Stealth        | 1 |  1.0

Action                   |  1- 3 |  4- 6 |  7- 9 || total
-------------------------+-------+-------+-------++-------
Melee: War axe           |    77 |   111 |   147 ||   335
       Headbutt          |     6 |    12 |    20 ||    38
  Use: Scroll            |     2 |     2 |    10 ||    14
       Potion            |       |       |     1 ||     1
Armor: Scale mail        |    55 |    37 |    55 ||   147
Dodge: Dodged            |    45 |    42 |    88 ||   175
Block: Buckler           |    23 |    14 |    48 ||    85

Table legend: (Time is in decaauts)
 A = Elapsed time spent in this place.
 B = Non-inter-level travel time spent in this place.
 C = Inter-level travel time spent in this place.
 D = Time resting spent in this place.
 E = Time spent auto-exploring this place.
 F = Levels seen in this place.
 G = Mean time per level.
                   A        B        C        D        E       F      G
               +--------+--------+--------+--------+--------+-----+--------+
         Total |   5489 |   5258 |    231 |    499 |   3484 |   7 |  784.1 |
       Dungeon |   5489 |   5258 |    231 |    499 |   3484 |   7 |  784.1 |
               +--------+--------+--------+--------+--------+-----+--------+

Top non-repeatable levels by time:
     D:4: 1472 daAuts
     D:6: 885 daAuts
     D:1: 821 daAuts
     D:3: 792 daAuts
     D:2: 762 daAuts
     D:5: 642 daAuts
     D:7: 111 daAuts
